 Dungeon Crawl Stone Soup version 0.18-a0-1078-gebb93d0 (webtiles) character file.

38 4thArraOfDagon the Skirmisher (level 3, 0/30 HPs)
             Began as a Demigod Arcane Marksman on Jan 14, 2016.
             Shot with an arrow by a centaur (11 damage)
             ... on level 5 of the Dungeon.
             The game lasted 00:04:45 (663 turns).

4thArraOfDagon the Skirmisher (DgAM)                 Turns: 663, Time: 00:04:45

Health: 0/30       AC:  9    Str: 16    XL:     3   Next: 10%
Magic:  6/6        EV:  7    Int: 17    God:
Gold:   59         SH:  0    Dex: 15    Spells: 1 memorised, 3 levels left

rFire  . . .     SeeInvis .     r - +1 mace (venom)
rCold  . . .     Gourm    .     i - +0 chain mail
rNeg   . . .     Faith    .     (no shield)
rPois  .         Spirit   .     s - +0 helmet
rElec  .         Dismiss  .     (no cloak)
rCorr  .         Reflect  .     (no gloves)
SustAt +         Harm     .     (no boots)
MR     .....                    (no amulet)
Stlth  ..........               (no ring)
                                (no ring)

@: not resistant to hostile enchantments, extremely unstealthy
A: high mp 1, sustain attributes
a: no special abilities


You were on level 5 of the Dungeon.
You were not hungry.

You visited 1 branch of the dungeon, and saw 5 of its levels.

You collected 59 gold pieces.

Inventory:

Hand Weapons
 a - a +0 hand crossbow
 m - a +0 whip
 r - a +1 mace of venom (weapon)
Missiles
 d - 16 bolts
 q - 3 bolts of frost
Armour
 i - a +0 chain mail (worn)
 s - a +0 helmet (worn)
Magical Staves
 t - an uncursed staff of air {unknown}
Wands
 p - a wand of teleportation (3/9)
Scrolls
 e - a scroll of teleportation {unknown}
 g - a scroll of blinking {unknown}
 h - 2 scrolls of identify {unknown}
 n - a scroll of remove curse {unknown}
Potions
 b - a potion of mutation {unknown}
 k - 2 potions of haste {unknown}
 l - a potion of curing {unknown}
 u - a potion of lignification {unknown}
Books
 c - a book of Debilitation

   Spells                             Type                      Level
   a - Corona                         Hexes                        1
   b - Slow                           Hexes                        2
   c - Gell's Gravitas                Hexes/Translocation          3
   d - Inner Flame                    Hexes/Fire                   3
   e - Cause Fear                     Hexes                        4
   f - Leda's Liquefaction            Hexes/Earth                  4
Comestibles
 f - 2 bread rations
 j - 2 meat rations
 o - a fruit


   Skills:
 + Level 2.9 Fighting
 - Level 1.7 Crossbows
 - Level 1.7 Dodging
 - Level 1.0 Spellcasting
 - Level 2.6 Hexes


You had 3 spell levels left.
You knew the following spells:

 Your Spells              Type           Power        Failure   Level  Hunger
a - Corona                Hex            #......      99%         1    ##.....


Dungeon Overview and Level Annotations

Branches:
Dungeon (5/15)
 Temple: D:4-7

Annotations:
D:3 PinkishYellow's ghost, amateur OgGl


Innate Abilities, Weirdness & Mutations

You have an increased reservoir of magic (+10% MP).
Your attributes are resistant to harm.


Message History

u - an emerald potion The orc barely misses you.
The giant newt bites you but does no damage.
The giant newt bites you but does no damage.
The orc hits you but does no damage.
Found a meat ration.
You miss the giant newt.
The giant newt bites you but does no damage.
You miss the giant newt.
The giant newt bites you but does no damage.
The giant newt barely misses you.
You barely miss the giant newt. The giant newt barely misses you.
You closely miss the giant newt. The giant newt completely misses you.
You sock the giant newt!
You kill the giant newt!
The orc hits you but does no damage.
A centaur comes into view.
The centaur shouts!
The centaur wields a shortbow.
The centaur shoots an arrow.
The arrow hits you!
You die...

. .. ###### ...
#....##...
..####........c
......%@..#
..###.##.## #.
#o# #. #O####
#.##.#..
#..#.#.#
#.#.#.# #....$#
##...##


You could see an ogre, a centaur and an orc.

Vanquished Creatures
  Robin (D:2)
  2 giant cockroaches
  9 goblins
  5 hobgoblins
  A jackal (D:3)
  A kobold (D:1)
  A giant newt (D:5)
  3 rats
23 creatures vanquished.

Notes
Turn   | Place    | Note
--------------------------------------------------------------
     0 | D:1      | 4thArraOfDagon the Demigod Arcane Marksman began the quest for the Orb.
     0 | D:1      | Reached XP level 1. HP: 15/15 MP: 4/4
     0 | D:1      | 4thArraOfDagon: i suspect that someone steals my packets or at least solid part of connection
     0 | D:1      | 4thArraOfDagon: odd thing it happens only when i play dcss
     0 | D:1      | 4thArraOfDagon: everyuthing else works fine
     9 | D:1      | Reached skill level 1 in Fighting
   175 | D:2      | BLOAX: That's bizarre.
   231 | D:3      | Reached XP level 2. HP: 19/24 MP: 5/5
   240 | D:3      | Noticed PinkishYellow's ghost (amateur OgGl)
   444 | D:3      | Noticed Robin
   458 | D:2      | Killed Robin
   463 | D:2      | BLOAX: lol
   553 | D:3      | Reached XP level 3. HP: 20/30 MP: 6/6
   573 | D:3      | BLOAX: some crybabies apparently rated the album as complete shit
   642 | D:5      | Entered Level 5 of the Dungeon
   642 | D:5      | Noticed an ogre
   644 | D:5      | BLOAX: due to being more videogames than black metal
   655 | D:5      | 4thArraOfDagon: haha
   655 | D:5      | 4thArraOfDagon: they cant the truth
   663 | D:5      | Noticed a centaur
   663 | D:5      | Shot with an arrow by a centaur

Vault maps used:
D:1:      lightli_arrival_maybe_door_vault
D:2:      minmay_kobold_bridge, gammafunk_temple_overflow_elements
D:3:      solitary_fountain, uniq_robin
D:4:      temple_statues, serial_shops, nicolae_shop_stone, first_bread,
          bh_walls_and_bars, uniq_duvessa, uniq_menkaure
D:5:      kennysheep_big_flooded_room, uniq_edmund

Action                   || total
-------------------------++-------
Melee: Mace              ||    30
       Whip              ||     8
 Fire: Hand crossbow     ||    28
